 Dungeon Crawl Stone Soup version 0.30.1 (webtiles) character file.

Game seed: 2583334477060001805

30394 Nicoed the Executioner (level 13, -9/96 HPs)
             Began as a Minotaur Fighter on July 12, 2023.
             Was the Champion of Okawaru.
             Mangled by an orc warrior
             ... wielding a +0 halberd
              (12 damage)
             ... on level 2 of the Orcish Mines.
             The game lasted 00:22:43 (9413 turns).

Nicoed the Executioner (Minotaur Fighter)           Turns: 9413, Time: 00:22:43

Health: -9/96      AC: 13    Str: 26    XL:     13   Next: 20%
Magic:  21/21      EV:  9    Int:  8    God:    Okawaru [******]
Gold:   1241       SH:  6    Dex: 21    Spells: 12/12 levels left

rFire   . . .        O - +2 broad axe (vamp)
rCold   . . .        c - +0 buckler
rNeg    . . .        M - +9 scale mail "Xobuac" {rElec Slay+3}
rPois   .            (helmet restricted)
rElec   +            y - +1 cloak "Nanganuh" {Harm rElec Regen+}
rCorr   .            F - +2 pair of gloves {Dex+3}
SInv    .            (no boots)
Will    .....        g - amulet of regeneration
Stlth   +            A - +6 ring of dexterity
HPRegen 1.96/turn    v - ring "Baavub" {Fly Int+3 Dex+2 Stlth+}
MPRegen 0.17/turn

%: harm (+30% outgoing, +20% incoming)
@: corroded, flying
A: horns 2, retaliatory headbutt
a: Renounce Religion, Heroism, Finesse, Duel


You were on level 2 of the Orcish Mines.
You worshipped Okawaru.
Okawaru was exalted by your worship.
You visited 3 branches of the dungeon, and saw 14 of its levels.

You collected 1478 gold pieces.
You spent 237 gold pieces at shops.

Inventory:

Hand Weapons
 a - the +5 Force Lance {heavy, knockback}
   (You found it on level 10 of the Dungeon)
 D - a +0 broad axe of flaming
 O - a +2 vampiric broad axe (weapon)
Missiles
 J - 4 curare-tipped darts (quivered)
 N - a throwing net
Armour
 c - a +0 buckler (worn)
 y - the +1 cloak "Nanganuh" (worn) {Harm rElec Regen+}
   (You bought it in a shop on level 5 of the Dungeon)

   rElec:     It insulates you from electricity.
   Regen:     It increases your rate of health regeneration.
   Harm:      It increases damage dealt and taken.
 E - the scarf "Bybb" {repulsion, rPois Int+3}
   (Okawaru gifted it to you on level 11 of the Dungeon)

   Int:       It affects your intelligence (+3).
   rPois:     It protects you from poison.
 F - a +2 pair of gloves of dexterity (worn)
 M - the +9 scale mail "Xobuac" (worn) {rElec Slay+3}
   (Okawaru gifted it to you on level 11 of the Dungeon)

   Slay:      It affects your accuracy & damage with ranged weapons and melee
   (+3).
   rElec:     It insulates you from electricity.
Jewellery
 g - an amulet of regeneration (around neck)
 v - the ring "Baavub" (right hand) {Fly Int+3 Dex+2 Stlth+}
   (You found it on level 4 of the Dungeon)

   [ring of flight]

   Int:       It affects your intelligence (+3).
   Dex:       It affects your dexterity (+2).
   Fly:       It grants you flight.
   Stlth:     It makes you more stealthy.
 A - a +6 ring of dexterity (left hand)
 K - a ring of protection from fire
Wands
 H - a wand of acid (7)
 L - a wand of flame (24)
Scrolls
 f - a scroll of enchant armour
 h - a scroll of blinking
 j - 5 scrolls of fog
 k - 3 scrolls of immolation
 m - 6 scrolls of teleportation
 n - a scroll of acquirement {unknown}
 o - a scroll of poison
 p - a scroll of amnesia {unknown}
 q - a scroll of noise {unknown}
 t - a scroll of magic mapping
 z - a scroll of summoning
 I - a scroll of vulnerability
Potions
 b - 2 potions of mutation
 d - a potion of might
 e - 4 potions of curing
 i - a potion of berserk rage
 l - 3 potions of ambrosia
 r - 2 potions of flight
 s - 4 potions of degeneration
 u - 2 potions of attraction
 x - 4 potions of lignification
 B - a potion of resistance
 G - 2 potions of haste
Miscellaneous
 w - a condenser vane


   Skills:
 - Level 4.0 Fighting
 * Level 22.0 Axes
 - Level 4.0 Armour
 - Level 4.0 Shields
 - Level 12.0 Invocations


You had 12 spell levels left.
You didn't know any spells.
Your spell library contained the following spells:

 Spells                   Type           Power      Damage    Failure   Level
 Foxfire                  Conj/Fire      0%         2x1d4     75%         1
 Sting                    Tmut/Pois      0%         1d3       75%         1
 Lesser Beckoning         Tloc           0%         N/A       86%         2
 Poisonous Vapours        Pois/Air       0%         N/A       86%         2
 Inner Flame              Hex/Fire       0%         N/A       98%         3
 Mephitic Cloud           Conj/Pois/Air  0%         N/A       98%         3
 Volatile Blastmotes      Fire/Tloc      0%         2d10      98%         3
 Manifold Assault         Tloc           0%         N/A       100%        4
 Fireball                 Conj/Fire      0%         3d3       100%        5
 Freezing Cloud           Conj/Ice/Air   0%         6-21      100%        5
 Yara's Violent Unravell  Hex/Tmut       0%         3d3       100%        5
 Plasma Beam              Fire/Air       0%         2x1d11    100%        6
 Starburst                Conj/Fire      0%         6d3       100%        6
 Enfeeble                 Hex            0%         N/A       100%        7


Dungeon Overview and Level Annotations

Branches:
Dungeon (11/15)            Temple (1/1) D:4            Lair (0/5) D:10
    Orc (2/2) D:9             Elf (0/3) Orc:2

Altars:
Ashenzari
Cheibriados
Dithmenos
Elyvilon
Fedhas
Gozag
Hepliaklqana
Kikubaaqudgha
Makhleb
Nemelex Xobeh
Okawaru
Qazlal
Ru
Sif Muna
Trog
Uskayaw
Vehumet
Wu Jian
Xom
Yredelemnul
Zin
The Shining One

Shops:
D:3 [([!:   D:5 [   Orc:2 ?*


Innate Abilities, Weirdness & Mutations

You have a pair of horns on your head.
You reflexively headbutt those who attack you in melee.


Message History

Unknown command.
You block the orc warrior's attack. The rust devil hits you.
The rust devil corrodes you!
Things that are here:
a +0 dire flail; a +0 plate armour; an orc corpse Unknown command.
You hit the orc high priest but do no damage.
You barely miss the orc warrior. You slash the rust devil!
The orc high priest utters an invocation to Beogh.
The orc warrior barely misses you. The rust devil barely misses you.
You furiously retaliate!
You headbutt the rust devil.
Unknown command.
Unknown command.
You slice the orc high priest!! You headbutt the orc high priest.
The orc high priest is heavily wounded.
You closely miss the orc warrior.
You hit the rust devil but do no damage.
You hit the smoke demon but do no damage.
The orc high priest calls down the wrath of Beogh upon you.
Beogh smites you!
The orc warrior hits you but does no damage.
Unknown command.
You closely miss the orc high priest.
The orc high priest is heavily wounded.
You barely miss the smoke demon.
You hit the orc warrior but do no damage.
You hit the rust devil but do no damage.
The smoke demon gestures at you. Beogh smites you!
* * * LOW HITPOINT WARNING * * *
The rust devil hits you.
* * * LOW HITPOINT WARNING * * *
The rust devil corrodes you!
The orc high priest hits you with a +0 battleaxe.
* * * LOW HITPOINT WARNING * * *
The orc priest calls down the wrath of Beogh upon you.
Beogh smites you!
* * * LOW HITPOINT WARNING * * *
The orc warrior hits you with a +0 halberd!
You die...

# .# ##o#.###..)).##
## ...#
##..4###.....## .##
...## ##.o.###......#
..## ...##
##)..###..##.... #..##
...## ##...###..#
###.##
##..###...###...###..#
...
###..##))..#..oo##..#
#.#
.###))#.#.....#4#..#
..###.)))).....o@o##
..# ##)..#.#.#..3##
..># ##.........## .##
##..#.#..## ##
##.....## ##∩.∩##
##.## ###


You could see an orc high priest, a rust devil (summoned), a smoke demon
(summoned), an orc warrior and 2 orc priests.

Vanquished Creatures
  An ogre mage (Orc:1)
  A centaur warrior (D:11)
  4 two-headed ogres
  2 boulder beetles (D:11)
  A soul eater (Orc:2)
  Sonja (D:11)
  Lodul (D:11)
  2 orc knights (Orc:2)
  Pikel (D:4)
  A manticore (D:11)
  A cyclops (shapeshifter) (D:11)
  4 orc sorcerers
  2 cyclopes
  Joseph (D:10)
  A gargoyle (D:10)
  Psyche (D:11)
  A kobold demonologist (D:11)
  A komodo dragon (D:10)
  4 trolls (D:11)
  4 hornets
  The ghost of keni the Firebug, an amateur DgFE (D:5)
  Grinder (D:6)
  6 shadows
  3 wyverns
  A vampire (D:11)
  2 wraiths
  21 yaks
  2 wargs (Orc:2)
  2 steam dragons
  Menkaure (D:6)
  A water moccasin (D:7)
  2 floating eyes (Orc:1)
  A swamp drake (D:10)
  3 sky beasts
  3 ice beasts
  2 black bears
  27 orc warriors
  15 ogres
  A phantom (D:7)
  8 centaurs
  The ghost of infcreate the Shooter, an amateur DEHu (D:4)
  3 kobold brigands
  4 bullfrogs
  4 scorpions
  12 wights
  33 killer bees
  10 howler monkeys
  4 quasits (D:5)
  28 orc priests
  2 jellies
  A gnoll bouda (D:5)
  2 sleepcaps
  5 iguanas
  14 orc wizards
  13 adders
  2 shadow imps
  4 ufetubi
  A worm (D:3)
  2 dart slugs
  68 orcs
  2 ball pythons
  8 endoplasms
  3 giant cockroaches
  6 goblins
  6 hobgoblins
  4 quokkas
  10 bats
  5 frilled lizards
  10 kobolds
  A rat (D:2)
406 creatures vanquished.

Vanquished Creatures (others)
  An ugly thing (D:11)
  A queen bee (D:11)
2 creatures vanquished.

Grand Total: 408 creatures vanquished

Notes
Turn   | Place    | Note
-------+----------+-------------------------------------------
     0 | D:1      | Nicoed the Minotaur Fighter began the quest for the Orb.
     0 | D:1      | Reached XP level 1. HP: 19/19 MP: 0/0
    68 | D:1      | Found a faded altar of an unknown god.
   107 | D:1      | Reached XP level 2. HP: 20/27 MP: 1/1
   381 | D:1      | Reached skill level 3 in Axes
   560 | D:2      | Reached XP level 3. HP: 30/33 MP: 2/2
   697 | D:2      | Got the Compilation of Relocated Pollution
   852 | D:2      | Reached skill level 4 in Axes
  1090 | D:3      | Reached XP level 4. HP: 40/40 MP: 3/3
  1147 | D:3      | Found Rame's Distillery.
  1191 | D:3      | Found Ymoph's Weapon Boutique.
  1303 | D:3      | Found Efoth's Armour Boutique.
  1315 | D:3      | Reached skill level 5 in Axes
  1398 | D:3      | Found Hitzoa's Armour Shop.
  1527 | D:3      | Found Araph's Book Emporium.
  1740 | D:4      | Noticed a scorpion
  1746 | D:4      | Killed a scorpion
  1747 | D:4      | Reached skill level 6 in Axes
  1747 | D:4      | Reached XP level 5. HP: 41/46 MP: 4/4
  1834 | D:4      | Found a runed translucent door.
  1835 | D:4      | Noticed infcreate's ghost (amateur DEHu)
  1985 | D:4      | Noticed Pikel
  1986 | D:4      | Noticed a lemure
  1987 | D:4      | Noticed a lemure
  1987 | D:4      | Noticed a lemure
  1987 | D:4      | Noticed a lemure
  2008 | D:4      | Killed Pikel
  2009 | D:4      | Reached skill level 9 in Axes
  2009 | D:4      | Reached XP level 6. HP: 51/52 MP: 5/5
  2009 | D:4      | Reached XP level 7. HP: 58/59 MP: 6/6
  2016 | D:4      | Found a staircase to the Ecumenical Temple.
  2048 | Temple   | Entered the Ecumenical Temple
  2416 | Temple   | Became a worshipper of Warmaster Okawaru
  2674 | D:4      | Killed infcreate's ghost
  2675 | D:4      | Reached skill level 1 in Invocations
  2678 | D:4      | Identified the ring "Baavub" {Fly Int+3 Dex+2 Stlth+}
  2753 | D:5      | Entered Level 5 of the Dungeon
  2788 | D:5      | Reached skill level 10 in Axes
  2800 | D:5      | Found a transporter.
  2805 | D:5      | Found a transporter.
  2808 | D:5      | Noticed keni's ghost (amateur DgFE)
  2870 | D:5      | HP: 1/50 [wight/+0 scimitar (3)]
  2878 | D:5      | Reached XP level 8. HP: 15/63 MP: 8/8
  2881 | D:5      | Reached * piety under Okawaru
  3080 | D:5      | Reached skill level 11 in Axes
  3155 | D:5      | Reached ** piety under Okawaru
  3156 | D:5      | Reached skill level 12 in Axes
  3261 | D:5      | Found Qiggun's Antique Armour Emporium.
  3274 | D:5      | Bought a faintly humming cloak for 237 gold pieces
  3274 | D:5      | Identified the +1 cloak "Nanganuh" {Harm rElec Regen+} (You
                  | bought it in a shop on level 5 of the Dungeon)
  3555 | D:5      | Killed keni's ghost
  3556 | D:5      | Reached XP level 9. HP: 69/71 MP: 8/11
  3615 | D:6      | Noticed Grinder
  3625 | D:6      | Killed Grinder
  3626 | D:6      | Reached skill level 5 in Invocations
  3703 | D:6      | Reached skill level 13 in Axes
  3743 | D:6      | Noticed Menkaure
  3751 | D:6      | Killed Menkaure
  3786 | D:6      | Reached *** piety under Okawaru
  4082 | D:7      | Reached skill level 14 in Axes
  4124 | D:7      | Reached **** piety under Okawaru
  4125 | D:7      | Reached XP level 10. HP: 66/78 MP: 14/14
  4392 | D:7      | Found a sparkling altar of Nemelex Xobeh.
  4401 | D:7      | Found a stormy altar of Qazlal.
  4667 | D:8      | Reached skill level 15 in Axes
  5148 | D:9      | Paralysed by a hornet for 1 turns
  5175 | D:9      | Reached ***** piety under Okawaru
  5497 | D:9      | Found a glowing golden altar of the Shining One.
  5566 | D:9      | Reached skill level 16 in Axes
  5967 | D:9      | Found a staircase to the Orcish Mines.
  6182 | D:10     | Entered Level 10 of the Dungeon
  6203 | D:10     | Found the +5 Force Lance {heavy, knockback}
  6336 | D:10     | Noticed a gargoyle
  6343 | D:10     | Killed a gargoyle
  6392 | D:10     | Noticed Joseph
  6403 | D:10     | Killed Joseph
  6449 | D:10     | Noticed a two-headed ogre
  6455 | D:10     | Killed a two-headed ogre
  6455 | D:10     | Received a gift from Okawaru
  6456 | D:10     | Reached skill level 17 in Axes
  6456 | D:10     | Reached XP level 11. HP: 84/84 MP: 16/16
  6978 | D:10     | Found a staircase to the Lair.
  7171 | D:11     | Noticed a two-headed ogre
  7174 | D:11     | Noticed a boulder beetle
  7175 | D:11     | Killed a two-headed ogre
  7183 | D:11     | Reached skill level 18 in Axes
  7195 | D:11     | Killed a boulder beetle
  7216 | D:11     | Reached ****** piety under Okawaru
  7239 | D:11     | Noticed a two-headed ogre
  7250 | D:11     | Killed a two-headed ogre
  7285 | D:11     | Identified the scarf "Bybb" {repulsion, rPois Int+3}
                  | (Okawaru gifted it to you on level 11 of the Dungeon)
  7285 | D:11     | Received a gift from Okawaru
  7400 | D:11     | Noticed a two-headed ogre
  7410 | D:11     | Reached skill level 10 in Invocations
  7413 | D:11     | Killed a two-headed ogre
  7426 | D:11     | Noticed Sonja
  7458 | D:11     | Killed Sonja
  7459 | D:11     | Reached skill level 19 in Axes
  7459 | D:11     | Noticed a boulder beetle
  7475 | D:11     | Noticed a green ugly thing
  7485 | D:11     | Noticed a centaur warrior
  7492 | D:11     | Reached XP level 12. HP: 82/91 MP: 18/18
  7501 | D:11     | Killed a centaur warrior
  7527 | D:11     | Killed a boulder beetle
  7687 | D:11     | Noticed Lodul
  7701 | D:11     | Reached skill level 20 in Axes
  7708 | D:11     | Killed Lodul
  7719 | D:11     | Identified the +9 scale mail "Xobuac" {rElec Slay+3}
                  | (Okawaru gifted it to you on level 11 of the Dungeon)
  7719 | D:11     | Received a gift from Okawaru
  8159 | D:11     | Noticed Psyche
  8164 | D:11     | Killed Psyche
  8430 | Orc:1    | Entered Level 1 of the Orcish Mines
  8612 | Orc:2    | Entered Level 2 of the Orcish Mines
  8689 | Orc:2    | Found a staircase to the Elven Halls.
  8798 | Orc:1    | Reached skill level 21 in Axes
  9007 | Orc:1    | Paralysed by a floating eye for 4 turns
  9152 | Orc:1    | Noticed an ogre mage
  9159 | Orc:1    | Received a gift from Okawaru
  9164 | Orc:1    | Killed an ogre mage
  9165 | Orc:1    | Reached XP level 13. HP: 96/96 MP: 19/21
  9270 | Orc:2    | Found Oralalit's Magic Scroll Shoppe.
  9273 | Orc:2    | Found Xificzib's General Store.
  9395 | Orc:2    | Reached skill level 22 in Axes
  9413 | Orc:2    | HP: 3/96 [orc priest/divine providence (15)]
  9413 | Orc:2    | Mangled by an orc warrior

Illustrated notes

Levels and vault maps discovered:
D:1:      amcnicky_arrival_choice, layout_basic,
          hellmonk_ecumenical_altar_blasted
D:2:      layout_basic, serial_curves, eino_curves_01, eino_curves_04
D:3:      layout_basic, serial_shops, shop, nicolae_shop_trees,
          nicolae_shop_tiny_statue_garden, nicolae_shop_pleasant_corner_grove,
          nicolae_shop_back_alley_shop, st_stairs_13, grunt_ministairs_11
D:4:      layout_basic, temple_statues, ebering_ghost_inner_flame, uniq_pikel
D:5:      layout_cave_pools, serial_shops, shop, gammafunk_ghost_stat_death,
          minmay_bent
D:6:      layout_cave_pools, uniq_grinder, uniq_menkaure
D:7:      layout_gridville, mainiacjoe_overflow_swirl
D:8:      layout_loops_ring
D:9:      layout_layer_cave, nicolae_overflow_hidden_temple, hiddenorc1_lemuel
D:10:     layout_irregular_city, erik_lair_dragon, kennysheep_generic_room_8,
          uniq_joseph
D:11:     regret_index_bee_streams, layout_basic, st_stairs_11, uniq_lodul,
          uniq_psyche, uniq_sonja
Temple:   compressed_dpeg_triangle_lava_temple
Orc:1:    hellmonk_paralyzer, layout_caves, basic_altar
Orc:2:    pf_orc_diabolical, layout_caves

Skill      XL: |  1  2  3  4  5  6  7  8  9 10 11 12 13 |
---------------+----------------------------------------+-----
Fighting       | 4 |  4.0
Armour         | 4 |  4.0
Axes           | 3 4 6 9 10 12 14 17 19 21 22 | 22.0
Shields        | 4 |  4.0
Invocations    | 2 4 6 8 10 12 | 12.0

Action                     |  1- 3 |  4- 6 |  7- 9 | 10-12 | 13-15 || total
---------------------------+-------+-------+-------+-------+-------++-------
  Melee: War axe           |    80 |    74 |   156 |   585 |       ||   895
         Headbutt          |    10 |     9 |    30 |   120 |    26 ||   195
         Broad axe         |       |       |       |       |    93 ||    93
 Invoke: Heroism           |       |       |     1 |     1 |       ||     2
  Evoke: Condenser vane    |       |       |     1 |     2 |       ||     3
         Wand              |       |       |       |     3 |       ||     3
    Use: Potion            |       |     3 |     3 |     4 |       ||    10
         Scroll            |       |       |     7 |     8 |     2 ||    17
   Stab: Invisible         |       |       |       |    13 |       ||    13
 Armour: Scale mail        |    41 |    31 |       |    72 |    19 ||   163
         Plate armour      |       |     3 |   120 |   206 |       ||   329
  Dodge: Dodged            |    52 |    37 |    53 |   150 |    29 ||   321
  Block: Buckler           |    18 |    20 |    50 |   145 |    17 ||   250
